 Dungeon Crawl Stone Soup version 0.19.1 (webtiles) character file.

456 XO4YCPATb the Chopper (level 6, 0/57 HPs)
             Began as a Deep Dwarf Berserker on Dec 13, 2016.
             Was a Priest of Trog.
             Slain by an ogre
             ... wielding a +0 giant club
              (19 damage)
             ... on level 3 of the Dungeon.
             The game lasted 00:06:31 (2267 turns).

XO4YCPATb the Chopper (Deep Dwarf Berserker)        Turns: 2267, Time: 00:06:32

Health: 0/57       AC: 11    Str: 23    XL:     6   Next: 77%
Magic:  6/6        EV: 11    Int:  7    God:    Trog [***...]
Gold:   132        SH:  0    Dex: 12    Spells: 0 memorised, 5 levels left

rFire  . . .     SeeInvis .     a - +0 hand axe
rCold  . . .     Gourm    .     p - +0 scale mail
rNeg   . . .     Faith    .     (no shield)
rPois  .         Spirit   .     i - +2 helmet
rElec  .         Reflect  .     (no cloak)
rCorr  .         Harm     .     e - +0 pair of gloves (curse)
MR     .....                    (no boots)
Stlth  ..........               (no amulet)
                                (no ring)
                                (no ring)

@: exhausted, non-regenerating
A: damage resistance, recharge devices, sense surroundings 1, slow regeneration
3
a: Device Recharging, Berserk, Trog's Hand, Burn Spellbooks, Renounce Religion


You were on level 3 of the Dungeon.
You worshipped Trog.
Trog was most pleased with you.
You were hungry.

You visited 1 branch of the dungeon, and saw 3 of its levels.

You collected 132 gold pieces.

Inventory:

Hand Weapons
 a - a +0 hand axe (weapon)
Armour
 e - a cursed +0 pair of gloves (worn)
 i - a +2 helmet (worn)
 p - a +0 scale mail (worn)
Wands
 c - a wand of heal wounds (2/9)
Scrolls
 h - 3 scrolls of noise {unknown}
 j - a scroll of enchant weapon {unknown}
 k - 2 scrolls of recharging {unknown}
 l - a scroll of amnesia {unknown}
 m - a scroll of remove curse {unknown}
 o - a scroll of magic mapping {unknown}
 r - 4 scrolls of teleportation {unknown}
Potions
 b - a potion of curing {unknown}
 f - a potion of agility {unknown}
 g - a potion of might
Comestibles
 d - 3 bread rations
 n - a beef jerky
 q - 15 chunks of flesh


   Skills:
 + Level 4.0 Fighting
 * Level 6.3 Axes
 + Level 4.6 Armour
 - Level 2.1 Dodging


You had 5 spell levels left.
You didn't know any spells.

Dungeon Overview and Level Annotations

Branches:
Dungeon (3/15)

Altars:
Cheibriados
Qazlal


Innate Abilities, Weirdness & Mutations

You are resistant to damage.
You can recharge devices by infusing magical energy.
You passively map a small area around you.
You do not regenerate.


Message History

You are no longer poisoned.
The ogre hits you but does no damage.
Unknown command.
You slash the ogre!
The ogre is severely wounded.
The ogre barely misses you.
Unknown command.
You hit the ogre.
The ogre is severely wounded.
The ogre hits you with a giant club.
Unknown command.
You hit the ogre.
The ogre is severely wounded.
The ogre hits you with a giant club! The ogre misses you.
Unknown command.
You hit the ogre but do no damage.
The ogre is severely wounded.
You feel yourself speed up. The ogre hits you with a giant club!!
You die...

#....≈≈≈≈≈≈≈≈≈≈≈≈≈≈≈≈≈≈≈≈≈≈≈≈≈
#....≈≈#####≈≈≈≈≈≈≈≈≈≈≈≈≈≈≈≈≈≈
#....≈≈#g..#..................
#....≈≈#...###################
#....≈≈###'#....'. , **
#....≈≈≈.#.#....# *+ *
#....≈≈≈.#.#.ggg# * , ,, ,
#....≈≈≈.#.###O## *, ,,, ,,
#....≈≈≈.#...@).# * ,
#.P..≈≈≈.#))....# , ,,
#....≈≈≈.#)###################
#....≈≈≈.#.#......)....#....#.
#....≈≈≈.#.'...(.))....'....'.
#....≈≈###'#...........#)...#.
#...P≈≈#...#############'')'##
#....≈≈#...#..................
#....≈≈#####≈≈≈≈≈≈≈≈≈≈≈≈....≈≈


You could see an ogre and 3 gnolls.

Vanquished Creatures
  An orc wizard (D:3)
  2 gnoll shamans (D:3)
  An orc priest (D:3)
  3 adders
  22 gnolls
  2 oozes
  2 worms (D:3)
  2 dart slugs
  A leopard gecko (D:2)
  8 orcs (D:3)
  3 bats
  3 giant cockroaches
  A goblin (D:2)
  5 hobgoblins
  17 jackals (D:3)
  7 kobolds
  A quokka (D:3)
  2 ball pythons
  2 frilled lizards (D:2)
  5 rats
90 creatures vanquished.

Notes
Turn   | Place    | Note
-------+----------+-------------------------------------------
     0 | D:1      | XO4YCPATb the Deep Dwarf Berserker began the quest for the Orb.
     0 | D:1      | Reached XP level 1. HP: 20/20 MP: 1/1
   267 | D:1      | Reached XP level 2. HP: 22/27 MP: 2/2
   730 | D:1      | Reached skill level 4 in Axes
   930 | D:1      | Reached XP level 3. HP: 12/33 MP: 3/3
   948 | D:2      | Found a stormy altar of Qazlal.
  1681 | D:3      | Found a snail-covered altar of Cheibriados.
  1690 | D:3      | Reached ** piety under Trog
  1690 | D:3      | Reached XP level 4. HP: 42/42 MP: 4/4
  1816 | D:3      | Reached skill level 5 in Axes
  1828 | D:3      | Reached XP level 5. HP: 35/49 MP: 5/5
  2103 | D:3      | Reached XP level 6. HP: 38/57 MP: 6/6
  2164 | D:3      | Reached *** piety under Trog
  2212 | D:3      | Reached skill level 6 in Axes
  2267 | D:3      | Slain by an ogre

Skill      XL: |  1  2  3  4  5  6 |
---------------+-------------------+-----
Axes           | 4 5 6 |  6.3
Fighting       | 3 4 |  4.0
Armour         | 3 4 |  4.6
Dodging        | |  2.1

Action                   |  1- 3 |  4- 6 || total
-------------------------+-------+-------++-------
Melee: Hand axe          |   100 |   228 ||   328
Invok: Berserk           |     3 |     3 ||     6
       Trog's Hand       |       |     4 ||     4
Evoke: Wand              |     1 |     2 ||     3
 Stab: Sleeping          |     3 |       ||     3
  Eat: Chunk             |     4 |     7 ||    11
Armor: Animal skin       |    11 |       ||    11
       Scale mail        |    17 |   125 ||   142
       Ring mail         |     4 |       ||     4
Dodge: Dodged            |    61 |   163 ||   224
